Sasquatch vs Spitfire (R1)

Created - 15 mars 2013 at 23:17

Goals
1 2 3 T
Sasquatch 0 1 1 2
Spitfire 0 3 0 3
Shots
1 2 3 T
Sasquatch 12 8 17 37
Spitfire 9 32 3 44

1st period

No Goal

Penalties :
Konstantin Pushkarev (Gat) for Roughing (Minor) at 15:20

2nd period

1. Sasquatch , Jakub Voracek 15 (Tomas Kurka) at 3:12 (PP)
2. Spitfire , Kris Beech 14 (Tim Kennedy, Kevin Klein) at 4:03
3. Spitfire , Tim Kennedy 15 (Denis Shvidki, Kris Beech) at 13:00
4. Spitfire , Shean Donovan 22 (Marc-Antoine Pouliot, Paul Bissonnette) at 13:59

Penalties :
Matt Walker (Val) for High sticking (Minor) at 2:07, Brian Lee (Gat) for Interference (Minor) at 19:56

3rd period

5. Sasquatch , David Desharnais 10 (Aaron Voros, Konstantin Pushkarev) at 14:56

Penalties :
Kris Beech (Val) for Hooking (Minor) at 4:36, Devin Didiomete (Val) for Goalie Interference (Minor) at 6:39

Goalie Stats

Cory Schneider (Gat), 41 saves from 44 shots - (0,932), L, 24-13-3, 59:02 minutes
Marc Denis (Val), 35 saves from 37 shots - (0,946), W, 27-9-3, 60:00 minutes

Players Stats for Sasquatch

Player Name              G  A  P  +/- PIM S  H  SB GA TA FO     MP     PP MP  PK MP  
------------------------------------------------------------------------------------
Aaron Voros              0  1  1   0  0   1  0  1  0  0  0/0     9:03   0:12   0:45 
Andreas Karlsson         0  0  0   0  0   4  1  1  0  1  5/15   14:47   0:00   0:59 
Andrew Brunette          0  0  0  -1  0   0  1  0  0  0  0/0    10:28   0:00   0:00 
Brian Lee                0  0  0  -1  2   8  0  1  2  3  0/0    25:24   3:21   0:00 
Cody Franson             0  0  0  -1  0   1  4  0  1  0  0/0    18:04   3:21   2:31 
David Desharnais         1  0  1   0  0   1  1  0  0  0  3/3     9:33   1:57   0:00 
David Perron             0  0  0  -1  0   5  0  2  1  0  1/3    21:31   2:54   0:00 
Jakub Voracek            1  0  1   0  0   1  0  0  1  0  0/0    15:39   1:57   0:00 
Jiri Novotny             0  0  0  -1  0   3  1  0  0  0  5/8    11:35   0:00   0:45 
Kevin Porter             0  0  0  -1  0   4  2  1  1  0  17/29  23:45   2:54   2:14 
Konstantin Pushkarev     0  1  1   0  2   1  0  0  0  0  0/0     8:01   0:12   0:00 
Kyle Cumiskey            0  0  0   0  0   2  2  1  0  0  0/0    18:16   0:00   1:26 
Mark Giordano            0  0  0   0  0   3  1  1  0  0  0/0    21:51   1:42   1:26 
Matt Ellison             0  0  0  -1  0   0  1  0  1  0  0/1    10:48   0:12   0:00 
Oleg Tverdovsky          0  0  0  -1  0   1  3  4  0  2  0/0    24:34   1:42   2:32 
Ryan Wilson              0  0  0  -1  0   0  0  0  1  1  0/0    12:12   0:00   0:01 
Steve Bernier            0  0  0  -1  0   2  1  1  0  0  2/3    23:45   2:54   2:14 
Tomas Kurka              0  1  1   0  0   0  3  1  2  1  0/1    16:44   1:57   0:59 

Players Stats for Spitfire

Player Name              G  A  P  +/- PIM S  H  SB GA TA FO     MP     PP MP  PK MP  
------------------------------------------------------------------------------------
Brad Staubitz            0  0  0   0  0   0  0  0  0  0  0/0     0:21   0:00   0:00 
Danny Syvret             0  0  0   0  0   3  4  0  0  1  0/0    12:31   0:00   0:24 
David Krejci             0  0  0   0  0   7  2  0  1  0  10/24  20:21   2:02   0:11 
Denis Shvidki            0  1  1   1  0   4  0  1  1  0  0/1    16:15   1:38   1:08 
Devin Didiomete          0  0  0   0  2   0  1  0  0  0  0/0     9:28   0:00   0:00 
Erik Condra              0  0  0   0  0   1  2  0  0  1  0/0     9:20   0:00   0:00 
Keaton Ellerby           0  0  0   1  0   3  3  0  0  0  0/0    26:49   0:00   2:41 
Kevin Klein              0  1  1   1  0   2  1  1  0  0  0/0    29:53   2:06   3:03 
Kris Beech               1  1  2   1  2   4  6  0  0  2  9/16   15:06   1:38   0:00 
Marc-Antoine Pouliot     0  1  1   1  0   1  0  0  0  0  3/5    10:20   0:18   0:00 
Martin Samuelsson        0  0  0   0  0   1  2  0  0  1  2/3    23:51   2:20   3:05 
Mathieu Roy              0  0  0   1  0   2  4  1  2  1  0/0    20:52   1:52   2:00 
Matt Walker              0  0  0   1  2   1  3  2  0  0  0/0    27:41   2:06   1:58 
Paul Bissonnette         0  1  1   1  0   2  0  0  0  1  0/0    10:22   0:00   0:38 
Ryan Callahan            0  0  0   0  0   2  0  0  3  1  1/2    20:48   2:20   1:08 
Shawn Matthias           0  0  0   0  0   1  0  1  0  1  3/6    10:10   0:00   0:50 
Shean Donovan            1  0  1   1  0   5  3  1  1  0  2/6    15:40   1:52   3:06 
Tim Kennedy              1  1  2   1  0   5  2  2  0  1  0/0    15:06   1:38   0:00 

3 Stars

1 - Tim Kennedy (Val)
2 - Kris Beech (Val)
3 - Shean Donovan (Val)

Power Play

Sasquatch - 1 on 3 Attempt(s) - 33,33%
Spitfire - 0 on 2 Attempt(s) - 0,00%

Penalty Kill

Sasquatch - 2 on 2 Attempt(s) - 100,00% - Score 0 goal in Penalty Kill
Spitfire - 2 on 3 Attempt(s) - 66,67% - Score 0 goal in Penalty Kill

Official

Referees : Leggo Mike and VanMassenhoven Don
Linesman : David Brisebois and Andy McElman

Game Notes

No Game Note

Sasquatch

5 vs 5 Forward 
   Center                   Left Wing                Right Wing               Time % Phy DF OF 
 1 Kevin Porter             David Perron             Steve Bernier            40     1   2  2  
 2 Andreas Karlsson         Tomas Kurka              Jakub Voracek            30     1   2  2  
 3 Jiri Novotny             Andrew Brunette          Matt Ellison             20     1   2  2  
 4 David Desharnais         Aaron Voros              Konstantin Pushkarev     10     1   2  2  

5 vs 5 Defense 
   Defense                  Defense                                           Time % Phy DF OF 
 1 Brian Lee                Oleg Tverdovsky                                   40     1   2  2  
 2 Mark Giordano            Kyle Cumiskey                                     30     1   2  2  
 3 Ryan Wilson              Cody Franson                                      20     1   2  2  
 4 Brian Lee                Mark Giordano                                     10     1   2  2  

PowerPlay Forward 
   Center                   Left Wing                Right Wing               Time % Phy DF OF 
 1 Kevin Porter             David Perron             Steve Bernier            60     1   2  2  
 2 David Desharnais         Tomas Kurka              Jakub Voracek            40     1   2  2  

PowerPlay Defense
   Defense                  Defense                                           Time % Phy DF OF 
 1 Brian Lee                Cody Franson                                      60     1   2  2  
 2 Oleg Tverdovsky          Mark Giordano                                     40     1   2  2  

Penalty Kill 4 Players Forward 
   Center                   Wing                     Time % Phy DF OF 
 1 Kevin Porter             Steve Bernier            60     1   2  2  
 2 Andreas Karlsson         Tomas Kurka              40     1   2  2  

Penalty Kill 4 Players Defense
   Defense                  Defense                  Time % Phy DF OF 
 1 Oleg Tverdovsky          Cody Franson             60     1   2  2  
 2 Mark Giordano            Kyle Cumiskey            40     1   2  2  

Penalty Kill - 3 Players Forward 
   Forward                                           Time % Phy DF OF 
 1 Kevin Porter                                      60     1   2  2  
 2 Andreas Karlsson                                  40     1   2  2  

Penalty Kill - 3 Players Defense
   Defense                  Defense                  Time % Phy DF OF 
 1 Kyle Cumiskey            Brian Lee                60     1   2  2  
 2 Mark Giordano            Oleg Tverdovsky          40     1   2  2  

4 vs 4 Forward 
   Center                   Wing                     Time % Phy DF OF 
 1 Kevin Porter             Steve Bernier            60     1   2  2  
 2 Andreas Karlsson         David Perron             40     1   2  2  

4 vs 4 Defense
   Defense                  Defense                  Time % Phy DF OF 
 1 Brian Lee                Cody Franson             60     1   2  2  
 2 Mark Giordano            Ryan Wilson              40     1   2  2  

Last Minutes Offensive
   Center                   Left Wing                Right Wing               Defense                  Defense                  
   Kevin Porter             David Perron             Steve Bernier            Oleg Tverdovsky          Brian Lee                

Last Minutes Defensive
   Center                   Left Wing                Right Wing               Defense                  Defense                  
   Andreas Karlsson         Tomas Kurka              Steve Bernier            Cody Franson             Oleg Tverdovsky          

Goaltenders
Starting : Cory Schneider           
Backup : Curtis Sanford           

Extra Forwards
Normal : Jakub Voracek, Andrew Brunette, Jiri Novotny - PP : Matt Ellison, Konstantin Pushkarev - PK : Jiri Novotny
Extra Defensemen
Normal : Ryan Wilson, Brian Lee, Mark Giordano - PP : Kyle Cumiskey - PK : Kyle Cumiskey, Ryan Wilson
Penalty Shots
David Perron, Andreas Karlsson, Jiri Novotny, Steve Bernier, Matt Ellison

Spitfire

5 vs 5 Forward 
   Center                   Left Wing                Right Wing               Time % Phy DF OF 
 1 David Krejci             Martin Samuelsson        Ryan Callahan            40     1   2  2  
 2 Kris Beech               Tim Kennedy              Denis Shvidki            30     1   2  2  
 3 Marc-Antoine Pouliot     Paul Bissonnette         Shean Donovan            20     1   2  2  
 4 Shawn Matthias           Devin Didiomete          Erik Condra              10     1   2  2  

5 vs 5 Defense 
   Defense                  Defense                                           Time % Phy DF OF 
 1 Kevin Klein              Matt Walker                                       40     1   2  2  
 2 Mathieu Roy              Keaton Ellerby                                    30     1   2  2  
 3 Danny Syvret             Keaton Ellerby                                    20     1   2  2  
 4 Kevin Klein              Matt Walker                                       10     1   2  2  

PowerPlay Forward 
   Center                   Left Wing                Right Wing               Time % Phy DF OF 
 1 David Krejci             Martin Samuelsson        Ryan Callahan            60     1   2  2  
 2 Kris Beech               Tim Kennedy              Denis Shvidki            40     1   2  2  

PowerPlay Defense
   Defense                  Defense                                           Time % Phy DF OF 
 1 Kevin Klein              Matt Walker                                       60     1   2  2  
 2 Mathieu Roy              Shean Donovan                                     40     1   2  2  

Penalty Kill 4 Players Forward 
   Center                   Wing                     Time % Phy DF OF 
 1 Shean Donovan            Martin Samuelsson        60     1   2  2  
 2 Denis Shvidki            Ryan Callahan            40     1   2  2  

Penalty Kill 4 Players Defense
   Defense                  Defense                  Time % Phy DF OF 
 1 Kevin Klein              Matt Walker              60     1   2  2  
 2 Mathieu Roy              Keaton Ellerby           40     1   2  2  

Penalty Kill - 3 Players Forward 
   Forward                                           Time % Phy DF OF 
 1 Shean Donovan                                     60     1   2  2  
 2 Martin Samuelsson                                 40     1   2  2  

Penalty Kill - 3 Players Defense
   Defense                  Defense                  Time % Phy DF OF 
 1 Kevin Klein              Matt Walker              60     1   2  2  
 2 Mathieu Roy              Keaton Ellerby           40     1   2  2  

4 vs 4 Forward 
   Center                   Wing                     Time % Phy DF OF 
 1 Shean Donovan            Martin Samuelsson        60     1   2  2  
 2 Denis Shvidki            Ryan Callahan            40     1   2  2  

4 vs 4 Defense
   Defense                  Defense                  Time % Phy DF OF 
 1 Kevin Klein              Matt Walker              60     1   2  2  
 2 Mathieu Roy              Keaton Ellerby           40     1   2  2  

Last Minutes Offensive
   Center                   Left Wing                Right Wing               Defense                  Defense                  
   David Krejci             Martin Samuelsson        Shean Donovan            Kevin Klein              Matt Walker              

Last Minutes Defensive
   Center                   Left Wing                Right Wing               Defense                  Defense                  
   David Krejci             Martin Samuelsson        Shean Donovan            Kevin Klein              Matt Walker              

Goaltenders
Starting : Marc Denis               
Backup : Todd Ford                

Extra Forwards
Normal : Tim Kennedy, Marc-Antoine Pouliot, Shawn Matthias - PP : Tim Kennedy, Marc-Antoine Pouliot - PK : Shawn Matthias
Extra Defensemen
Normal : Danny Syvret, Keaton Ellerby, Mathieu Roy - PP : Danny Syvret - PK : Keaton Ellerby, Mathieu Roy
Penalty Shots
Shean Donovan, Martin Samuelsson, Denis Shvidki, Ryan Callahan, David Krejci

% Time on Ice - Sasquatch

Lines # - Real PCT - Wanted PCT - Time Play
Normal Forward
1 - 36% - 40% - 18:03
2 - 28% - 30% - 13:48
3 - 21% - 20% - 10:28
4 - 15% - 10% - 7:36
Normal Defense
1 - 38% - 40% - 19:10
2 - 34% - 30% - 16:56
3 - 23% - 20% - 11:23
4 - 5% - 10% - 2:26
PP Forward
1 - 61% - 60% - 3:06
2 - 39% - 40% - 1:57
PP Defense
1 - 66% - 60% - 3:21
2 - 34% - 40% - 1:42
PK Forward
1 - 75% - 60% - 2:59
2 - 25% - 40% - 0:59
PK Defense
1 - 64% - 60% - 2:32
2 - 36% - 40% - 1:26
PK3 Forward
1 - 0% - 60%
2 - 0% - 40%
PK3 Defense
1 - 0% - 60%
2 - 0% - 40%
44 Forward
1 - 0% - 60%
2 - 0% - 40%
44 Defense
1 - 0% - 60%
2 - 0% - 40%
Last Minute Offensive  - 1:04
Last Minute Defensive  - 0:00
Total
Forward - 60:00
Defense - 60:00

% Time on Ice - Spitfire

Lines # - Real PCT - Wanted PCT - Time Play
Normal Forward
1 - 35% - 40% - 17:28
2 - 27% - 30% - 13:29
3 - 19% - 20% - 9:35
4 - 19% - 10% - 9:20
Normal Defense
1 - 38% - 40% - 19:03
2 - 34% - 30% - 16:52
3 - 23% - 20% - 11:16
4 - 5% - 10% - 2:41
PP Forward
1 - 59% - 60% - 2:20
2 - 41% - 40% - 1:38
PP Defense
1 - 53% - 60% - 2:06
2 - 47% - 40% - 1:52
PK Forward
1 - 78% - 60% - 3:55
2 - 22% - 40% - 1:08
PK Defense
1 - 60% - 60% - 3:03
2 - 40% - 40% - 2:00
PK3 Forward
1 - 0% - 60%
2 - 0% - 40%
PK3 Defense
1 - 0% - 60%
2 - 0% - 40%
44 Forward
1 - 0% - 60%
2 - 0% - 40%
44 Defense
1 - 0% - 60%
2 - 0% - 40%
Last Minute Offensive  - 0:00
Last Minute Defensive  - 1:07
Total
Forward - 60:00
Defense - 60:00

Play by Play

1st period


0:01 of 1st period - Kevin Porter wins face-off versus David Krejci in neutral zone.
0:09 of 1st period - Off-side.
0:10 of 1st period - David Krejci wins face-off versus David Perron in neutral zone.
0:41 of 1st period - Snap shot by Steve Bernier.
0:41 of 1st period - Shot Misses the Net.
0:43 of 1st period - Slapshot by Kevin Porter.
0:43 of 1st period - Deflect By Steve Bernier.
0:43 of 1st period - Shot Misses the Net.
0:43 of 1st period - Puck is out of play.
0:44 of 1st period - Kris Beech wins face-off versus Andreas Karlsson in Spitfire zone.
1:46 of 1st period - David Desharnais is hit by Mathieu Roy and loses puck.
2:57 of 1st period - Oleg Tverdovsky is hit by Danny Syvret and loses puck.
3:35 of 1st period - Brian Lee is hit by Kris Beech and loses puck.
3:40 of 1st period - Snap shot by Denis Shvidki.
3:40 of 1st period - Shot Misses the Net.
3:42 of 1st period - Slapshot by Danny Syvret.
3:42 of 1st period - Shot Misses the Net.
3:44 of 1st period - Slapshot by Kris Beech.
3:44 of 1st period - Shot Misses the Net.
3:46 of 1st period - Slapshot by Danny Syvret.
3:46 of 1st period - Stopped by Cory Schneider without a rebound.
3:47 of 1st period - Andreas Karlsson wins face-off versus David Krejci in Sasquatch zone.
3:58 of 1st period - Wrist shot by David Krejci.
3:58 of 1st period - Stopped by Cory Schneider with a rebound.
4:14 of 1st period - Steve Bernier is hit by Matt Walker.
4:20 of 1st period - Snap shot by Steve Bernier.
4:20 of 1st period - Shot Blocked by Denis Shvidki.
4:22 of 1st period - Slapshot by Mark Giordano.
4:22 of 1st period - Stopped by Marc Denis without a rebound.
4:23 of 1st period - Marc-Antoine Pouliot wins face-off versus Jiri Novotny in Spitfire zone.
5:34 of 1st period - Snap shot by Steve Bernier.
5:34 of 1st period - Deflect By Kevin Porter.
5:34 of 1st period - Stopped by Marc Denis with a rebound.
5:36 of 1st period - Snap shot by Cody Franson.
5:36 of 1st period - Stopped by Marc Denis with a rebound.
5:38 of 1st period - Snap shot by Steve Bernier.
5:38 of 1st period - Shot Blocked by Matt Walker.
5:40 of 1st period - Slapshot by Cody Franson.
5:40 of 1st period - Deflect By Kevin Porter.
5:40 of 1st period - Stopped by Marc Denis with a rebound.
5:42 of 1st period - Slapshot by Cody Franson.
5:42 of 1st period - Shot Misses the Net.
5:44 of 1st period - Snap shot by David Perron.
5:44 of 1st period - Stopped by Marc Denis without a rebound.
5:45 of 1st period - David Krejci wins face-off versus Andreas Karlsson in Spitfire zone.
6:10 of 1st period - Matt Ellison is hit by Kris Beech and loses puck.
6:21 of 1st period - Snap shot by Tim Kennedy.
6:21 of 1st period - Stopped by Cory Schneider without a rebound.
6:22 of 1st period - Marc-Antoine Pouliot wins face-off versus Andreas Karlsson in Sasquatch zone.
6:50 of 1st period - Snap shot by Ryan Callahan.
6:50 of 1st period - Shot Misses the Net.
6:52 of 1st period - Slapshot by Kevin Klein.
6:52 of 1st period - Shot Misses the Net.
6:54 of 1st period - Wrist shot by Martin Samuelsson.
6:54 of 1st period - Shot Misses the Net.
6:58 of 1st period - Snap shot by Ryan Callahan.
6:58 of 1st period - Shot Misses the Net.
7:12 of 1st period - Slapshot by Mark Giordano.
7:12 of 1st period - Stopped by Marc Denis without a rebound.
7:13 of 1st period - David Desharnais wins face-off versus Kris Beech in Spitfire zone.
7:14 of 1st period - Snap shot by Brian Lee.
7:14 of 1st period - Stopped by Marc Denis with a rebound.
8:16 of 1st period - Wrist shot by Konstantin Pushkarev.
8:16 of 1st period - Shot Misses the Net.
8:24 of 1st period - Wrist shot by Denis Shvidki.
8:24 of 1st period - Shot Blocked by Aaron Voros.
8:26 of 1st period - Slapshot by Matt Walker.
8:26 of 1st period - Stopped by Cory Schneider without a rebound.
8:27 of 1st period - David Krejci wins face-off versus Kevin Porter in Sasquatch zone.
8:44 of 1st period - Mark Giordano is hit by Mathieu Roy and loses puck.
9:09 of 1st period - Tomas Kurka is hit by Keaton Ellerby and loses puck.
9:24 of 1st period - Off-side.
9:25 of 1st period - Steve Bernier wins face-off versus Shawn Matthias in neutral zone.
9:38 of 1st period - Wrist shot by David Perron.
9:38 of 1st period - Stopped by Marc Denis with a rebound.
9:40 of 1st period - Slapshot by Brian Lee.
9:40 of 1st period - Stopped by Marc Denis with a rebound.
9:50 of 1st period - Oleg Tverdovsky is hit by Martin Samuelsson.
10:10 of 1st period - Snap shot by David Krejci.
10:10 of 1st period - Shot Misses the Net.
10:15 of 1st period - Off-side.
10:16 of 1st period - Kevin Porter wins face-off versus Marc-Antoine Pouliot in neutral zone.
10:29 of 1st period - Snap shot by David Perron.
10:29 of 1st period - Stopped by Marc Denis without a rebound.
10:30 of 1st period - David Krejci wins face-off versus Andreas Karlsson in Spitfire zone.
10:59 of 1st period - Wrist shot by Kris Beech.
10:59 of 1st period - Shot Blocked by Brian Lee.
11:01 of 1st period - Slapshot by Matt Walker.
11:01 of 1st period - Shot Blocked by Oleg Tverdovsky.
11:03 of 1st period - Slapshot by Kevin Klein.
11:03 of 1st period - Deflect By Tim Kennedy.
11:03 of 1st period - Shot Blocked by Oleg Tverdovsky.
11:03 of 1st period - Puck is out of play.
11:04 of 1st period - Martin Samuelsson wins face-off versus Tomas Kurka in Sasquatch zone.
11:09 of 1st period - Snap shot by Martin Samuelsson.
11:09 of 1st period - Shot Blocked by Kyle Cumiskey.
11:36 of 1st period - Wrist shot by Steve Bernier.
11:36 of 1st period - Stopped by Marc Denis without a rebound.
11:37 of 1st period - Jiri Novotny wins face-off versus Kris Beech in Spitfire zone.
12:08 of 1st period - Snap shot by Kris Beech.
12:08 of 1st period - Shot Misses the Net.
12:10 of 1st period - Snap shot by Kris Beech.
12:10 of 1st period - Stopped by Cory Schneider without a rebound.
12:11 of 1st period - Kevin Porter wins face-off versus David Krejci in Sasquatch zone.
12:11 of 1st period - Kevin Porter is hit by David Krejci.
12:43 of 1st period - Off-side.
12:44 of 1st period - Andreas Karlsson wins face-off versus Marc-Antoine Pouliot in neutral zone.
12:51 of 1st period - Wrist shot by Andreas Karlsson.
12:51 of 1st period - Shot Misses the Net.
14:16 of 1st period - Keaton Ellerby is hit by Tomas Kurka and loses puck.
14:35 of 1st period - Cody Franson is hit by Keaton Ellerby and loses puck.
15:20 of 1st period - Minor Penalty to Konstantin Pushkarev for Roughing.
15:21 of 1st period - Kevin Porter wins face-off versus David Krejci in Sasquatch zone.
15:32 of 1st period - Snap shot by Ryan Callahan.
15:32 of 1st period - Stopped by Cory Schneider without a rebound.
15:33 of 1st period - Ryan Callahan wins face-off versus Kevin Porter in Sasquatch zone.
15:42 of 1st period - Cody Franson is hit by David Krejci and loses puck.
15:49 of 1st period - Wrist shot by Martin Samuelsson.
15:49 of 1st period - Shot Blocked by Kevin Porter.
15:59 of 1st period - Mathieu Roy is hit by Oleg Tverdovsky and loses puck.
16:06 of 1st period - Snap shot by Kris Beech.
16:06 of 1st period - Shot Blocked by Andreas Karlsson.
16:08 of 1st period - Snap shot by Kris Beech.
16:08 of 1st period - Stopped by Cory Schneider with a rebound.
17:20 of 1st period - Penalty to Konstantin Pushkarev is over, Konstantin Pushkarev is back on ice.
17:35 of 1st period - Snap shot by Shawn Matthias.
17:35 of 1st period - Stopped by Cory Schneider without a rebound.
17:36 of 1st period - Jiri Novotny wins face-off versus Shawn Matthias in Sasquatch zone.
17:51 of 1st period - Wrist shot by Erik Condra.
17:51 of 1st period - Stopped by Cory Schneider with a rebound.
18:23 of 1st period - Slapshot by Brian Lee.
18:23 of 1st period - Stopped by Marc Denis with a rebound.
19:01 of 1st period - Snap shot by Tomas Kurka.
19:01 of 1st period - Shot Blocked by Kevin Klein.
19:50 of 1st period - Mark Giordano is hit by Shean Donovan and loses puck.
19:59 of 1st period - Snap shot by Shean Donovan.
19:59 of 1st period - Shot Misses the Net.

2nd period


0:01 of 2nd period - David Krejci wins face-off versus Kevin Porter in neutral zone.
0:26 of 2nd period - Kris Beech is hit by Tomas Kurka and loses puck.
0:51 of 2nd period - Keaton Ellerby is hit by Kyle Cumiskey and loses puck.
1:22 of 2nd period - Wrist shot by Tomas Kurka.
1:22 of 2nd period - Shot Misses the Net.
1:24 of 2nd period - Snap shot by Andreas Karlsson.
1:24 of 2nd period - Stopped by Marc Denis with a rebound.
1:36 of 2nd period - Backhand shot by Andreas Karlsson.
1:36 of 2nd period - Shot Misses the Net.
1:38 of 2nd period - Slapshot by Kyle Cumiskey.
1:38 of 2nd period - Deflect By Andreas Karlsson.
1:38 of 2nd period - Stopped by Marc Denis with a rebound.
2:02 of 2nd period - Off-side.
2:03 of 2nd period - Kris Beech wins face-off versus Kevin Porter in neutral zone.
2:06 of 2nd period - Snap shot by Kevin Klein.
2:06 of 2nd period - Stopped by Cory Schneider with a rebound.
2:07 of 2nd period - Minor Penalty to Matt Walker for High sticking.
2:08 of 2nd period - Shean Donovan wins face-off versus Kevin Porter in Spitfire zone.
2:14 of 2nd period - Slapshot by Danny Syvret.
2:14 of 2nd period - Deflect By Steve Bernier.
2:14 of 2nd period - Stopped by Cory Schneider with a rebound.
2:16 of 2nd period - Wrist shot by Shean Donovan.
2:16 of 2nd period - Stopped by Cory Schneider without a rebound.
2:17 of 2nd period - Kevin Porter wins face-off versus Shean Donovan in Sasquatch zone.
2:24 of 2nd period - Snap shot by Brian Lee.
2:24 of 2nd period - Stopped by Marc Denis with a rebound.
2:31 of 2nd period - Icing by Kevin Porter.
2:32 of 2nd period - Martin Samuelsson wins face-off versus Steve Bernier in Sasquatch zone.
2:41 of 2nd period - Snap shot by Martin Samuelsson.
2:41 of 2nd period - Stopped by Cory Schneider without a rebound.
2:42 of 2nd period - Kevin Porter wins face-off versus Shean Donovan in Sasquatch zone.
3:07 of 2nd period - Kevin Klein is hit by Cody Franson and loses puck.
3:12 of 2nd period - Slapshot by Jakub Voracek.
3:12 of 2nd period - Goal by Jakub Voracek - Sasquatch : 1 - Spitfire : 0.
3:13 of 2nd period - David Krejci wins face-off versus Kevin Porter in neutral zone.
3:16 of 2nd period - Snap shot by Kevin Klein.
3:16 of 2nd period - Shot Blocked by Oleg Tverdovsky.
3:53 of 2nd period - Wrist shot by David Krejci.
3:53 of 2nd period - Stopped by Cory Schneider without a rebound.
3:54 of 2nd period - Kris Beech wins face-off versus Kevin Porter in Sasquatch zone.
3:55 of 2nd period - Slapshot by Denis Shvidki.
3:55 of 2nd period - Stopped by Cory Schneider with a rebound.
3:57 of 2nd period - Wrist shot by Kris Beech.
3:57 of 2nd period - Stopped by Cory Schneider with a rebound.
3:59 of 2nd period - Snap shot by Kevin Klein.
3:59 of 2nd period - Stopped by Cory Schneider with a rebound.
4:01 of 2nd period - Backhand shot by Tim Kennedy.
4:01 of 2nd period - Stopped by Cory Schneider with a rebound.
4:03 of 2nd period - Wrist shot by Kris Beech.
4:03 of 2nd period - Goal by Kris Beech - Sasquatch : 1 - Spitfire : 1.
4:04 of 2nd period - David Krejci wins face-off versus Kevin Porter in neutral zone.
4:15 of 2nd period - Wrist shot by David Krejci.
4:15 of 2nd period - Shot Misses the Net.
4:17 of 2nd period - Slapshot by Martin Samuelsson.
4:17 of 2nd period - Shot Misses the Net.
4:19 of 2nd period - Wrist shot by Ryan Callahan.
4:19 of 2nd period - Stopped by Cory Schneider without a rebound.
4:20 of 2nd period - Jiri Novotny wins face-off versus Denis Shvidki in Sasquatch zone.
4:20 of 2nd period - Brian Lee is hit by Kris Beech and loses puck.
5:47 of 2nd period - Wrist shot by Denis Shvidki.
5:47 of 2nd period - Stopped by Cory Schneider without a rebound.
5:48 of 2nd period - Jiri Novotny wins face-off versus David Krejci in Sasquatch zone.
5:57 of 2nd period - Snap shot by David Krejci.
5:57 of 2nd period - Shot Misses the Net.
6:25 of 2nd period - Icing by Oleg Tverdovsky.
6:26 of 2nd period - Kris Beech wins face-off versus Andreas Karlsson in Sasquatch zone.
7:07 of 2nd period - Andreas Karlsson is hit by Kevin Klein and loses puck.
7:20 of 2nd period - Icing by Brian Lee.
7:21 of 2nd period - Marc-Antoine Pouliot wins face-off versus Andreas Karlsson in Sasquatch zone.
7:30 of 2nd period - Snap shot by Marc-Antoine Pouliot.
7:30 of 2nd period - Deflect By Paul Bissonnette.
7:30 of 2nd period - Stopped by Cory Schneider with a rebound.
7:32 of 2nd period - Wrist shot by Shean Donovan.
7:32 of 2nd period - Stopped by Cory Schneider with a rebound.
7:46 of 2nd period - Tomas Kurka is hit by Kris Beech and loses puck.
7:55 of 2nd period - Backhand shot by Tim Kennedy.
7:55 of 2nd period - Shot Misses the Net.
7:57 of 2nd period - Slapshot by Keaton Ellerby.
7:57 of 2nd period - Stopped by Cory Schneider with a rebound.
7:59 of 2nd period - Wrist shot by Mathieu Roy.
7:59 of 2nd period - Stopped by Cory Schneider with a rebound.
8:33 of 2nd period - Snap shot by Matt Ellison.
8:33 of 2nd period - Shot Misses the Net.
8:35 of 2nd period - Wrist shot by Jiri Novotny.
8:35 of 2nd period - Shot Misses the Net.
8:37 of 2nd period - Slapshot by Kyle Cumiskey.
8:37 of 2nd period - Stopped by Marc Denis with a rebound.
8:39 of 2nd period - Wrist shot by Matt Ellison.
8:39 of 2nd period - Shot Misses the Net.
8:49 of 2nd period - Ryan Wilson is hit by Shean Donovan and loses puck.
9:00 of 2nd period - Wrist shot by Shean Donovan.
9:00 of 2nd period - Deflect By Marc-Antoine Pouliot.
9:00 of 2nd period - Stopped by Cory Schneider without a rebound.
9:01 of 2nd period - Kevin Porter wins face-off versus David Krejci in Sasquatch zone.
9:26 of 2nd period - Mathieu Roy is hit by Matt Ellison.
9:34 of 2nd period - Matt Walker is hit by Jiri Novotny and loses puck.
10:38 of 2nd period - Snap shot by David Krejci.
10:38 of 2nd period - Shot Misses the Net.
10:50 of 2nd period - Wrist shot by Konstantin Pushkarev.
10:50 of 2nd period - Stopped by Marc Denis without a rebound.
10:51 of 2nd period - David Desharnais wins face-off versus Kris Beech in Spitfire zone.
10:52 of 2nd period - Wrist shot by Aaron Voros.
10:52 of 2nd period - Stopped by Marc Denis with a rebound.
11:02 of 2nd period - Kris Beech is hit by David Desharnais and loses puck.
11:09 of 2nd period - Aaron Voros is hit by Tim Kennedy and loses puck.
11:28 of 2nd period - Slapshot by Denis Shvidki.
11:28 of 2nd period - Shot Misses the Net.
11:30 of 2nd period - Wrist shot by Danny Syvret.
11:30 of 2nd period - Stopped by Cory Schneider with a rebound.
11:32 of 2nd period - Slapshot by Tim Kennedy.
11:32 of 2nd period - Stopped by Cory Schneider without a rebound.
11:33 of 2nd period - David Krejci wins face-off versus David Perron in Sasquatch zone.
11:39 of 2nd period - Wrist shot by David Krejci.
11:39 of 2nd period - Stopped by Cory Schneider without a rebound.
11:40 of 2nd period - David Perron wins face-off versus David Krejci in Sasquatch zone.
12:13 of 2nd period - Martin Samuelsson is hit by Steve Bernier and loses puck.
12:28 of 2nd period - Snap shot by David Krejci.
12:28 of 2nd period - Stopped by Cory Schneider with a rebound.
12:30 of 2nd period - Wrist shot by Keaton Ellerby.
12:30 of 2nd period - Shot Misses the Net.
12:36 of 2nd period - Slapshot by David Krejci.
12:36 of 2nd period - Stopped by Cory Schneider without a rebound.
12:37 of 2nd period - Kris Beech wins face-off versus Matt Ellison in Sasquatch zone.
12:44 of 2nd period - Snap shot by Tim Kennedy.
12:44 of 2nd period - Stopped by Cory Schneider without a rebound.
12:45 of 2nd period - Kris Beech wins face-off versus Jiri Novotny in Sasquatch zone.
12:46 of 2nd period - Snap shot by Denis Shvidki.
12:46 of 2nd period - Stopped by Cory Schneider without a rebound.
12:47 of 2nd period - Jiri Novotny wins face-off versus Kris Beech in Sasquatch zone.
13:00 of 2nd period - Snap shot by Tim Kennedy.
13:00 of 2nd period - Goal by Tim Kennedy - Sasquatch : 1 - Spitfire : 2.
13:01 of 2nd period - Steve Bernier wins face-off versus David Krejci in neutral zone.
13:57 of 2nd period - Backhand shot by Marc-Antoine Pouliot.
13:57 of 2nd period - Deflect By Shean Donovan.
13:57 of 2nd period - Stopped by Cory Schneider with a rebound.
13:59 of 2nd period - Wrist shot by Shean Donovan.
13:59 of 2nd period - Goal by Shean Donovan - Sasquatch : 1 - Spitfire : 3.
14:00 of 2nd period - Kevin Porter wins face-off versus David Krejci in neutral zone.
14:03 of 2nd period - Slapshot by Brian Lee.
14:03 of 2nd period - Stopped by Marc Denis without a rebound.
14:04 of 2nd period - David Krejci wins face-off versus Kevin Porter in Spitfire zone.
14:19 of 2nd period - Slapshot by David Perron.
14:19 of 2nd period - Shot Misses the Net.
14:35 of 2nd period - Kevin Klein is hit by Oleg Tverdovsky and loses puck.
14:52 of 2nd period - Snap shot by Shean Donovan.
14:52 of 2nd period - Shot Misses the Net.
14:54 of 2nd period - Slapshot by Paul Bissonnette.
14:54 of 2nd period - Shot Misses the Net.
14:56 of 2nd period - Wrist shot by Shean Donovan.
14:56 of 2nd period - Shot Blocked by Oleg Tverdovsky.
14:58 of 2nd period - Snap shot by Keaton Ellerby.
14:58 of 2nd period - Stopped by Cory Schneider with a rebound.
15:00 of 2nd period - Slapshot by Mathieu Roy.
15:00 of 2nd period - Deflect By Paul Bissonnette.
15:00 of 2nd period - Stopped by Cory Schneider without a rebound.
15:01 of 2nd period - Kevin Porter wins face-off versus David Krejci in Sasquatch zone.
15:01 of 2nd period - Kevin Porter is hit by Danny Syvret.
15:23 of 2nd period - Ryan Callahan is hit by Kyle Cumiskey and loses puck.
15:52 of 2nd period - Martin Samuelsson is hit by Kevin Porter.
16:04 of 2nd period - Wrist shot by Steve Bernier.
16:04 of 2nd period - Shot Misses the Net.
16:28 of 2nd period - Wrist shot by David Krejci.
16:28 of 2nd period - Shot Blocked by Steve Bernier.
16:30 of 2nd period - Slapshot by David Krejci.
16:30 of 2nd period - Stopped by Cory Schneider with a rebound.
16:32 of 2nd period - Wrist shot by David Krejci.
16:32 of 2nd period - Shot Blocked by Mark Giordano.
16:48 of 2nd period - Snap shot by Ryan Callahan.
16:48 of 2nd period - Shot Blocked by David Perron.
16:50 of 2nd period - Wrist shot by Keaton Ellerby.
16:50 of 2nd period - Deflect By David Krejci.
16:50 of 2nd period - Stopped by Cory Schneider with a rebound.
16:52 of 2nd period - Slapshot by Danny Syvret.
16:52 of 2nd period - Shot Blocked by David Perron.
17:17 of 2nd period - Icing by Steve Bernier.
17:18 of 2nd period - Kevin Porter wins face-off versus Kris Beech in Sasquatch zone.
17:23 of 2nd period - Snap shot by David Perron.
17:23 of 2nd period - Shot Blocked by Tim Kennedy.
17:29 of 2nd period - David Perron is hit by Kris Beech and loses puck.
18:09 of 2nd period - Icing by Brian Lee.
18:10 of 2nd period - Shawn Matthias wins face-off versus Jiri Novotny in Sasquatch zone.
18:17 of 2nd period - Matt Walker is hit by Andrew Brunette and loses puck.
18:41 of 2nd period - Wrist shot by Andrew Brunette.
18:41 of 2nd period - Deflect By Jiri Novotny.
18:41 of 2nd period - Shot Misses the Net.
18:41 of 2nd period - Puck is out of play.
18:42 of 2nd period - Kris Beech wins face-off versus Andreas Karlsson in Spitfire zone.
18:47 of 2nd period - Ryan Wilson is hit by Kris Beech and loses puck.
19:15 of 2nd period - Cody Franson is hit by Keaton Ellerby and loses puck.
19:30 of 2nd period - Snap shot by Shawn Matthias.
19:30 of 2nd period - Shot Misses the Net.
19:32 of 2nd period - Snap shot by Keaton Ellerby.
19:32 of 2nd period - Stopped by Cory Schneider with a rebound.
19:56 of 2nd period - Minor Penalty to Brian Lee for Interference.
19:57 of 2nd period - Kris Beech wins face-off versus Andreas Karlsson in Sasquatch zone.

3rd period


0:01 of 3rd period - Kevin Porter wins face-off versus David Krejci in neutral zone.
0:08 of 3rd period - Cody Franson is hit by Matt Walker and loses puck.
1:01 of 3rd period - Snap shot by Jiri Novotny.
1:01 of 3rd period - Stopped by Marc Denis with a rebound.
1:55 of 3rd period - Snap shot by Jiri Novotny.
1:55 of 3rd period - Shot Blocked by Matt Walker.
1:56 of 3rd period - Penalty to Brian Lee is over, Brian Lee is back on ice.
2:13 of 3rd period - Wrist shot by Jiri Novotny.
2:13 of 3rd period - Stopped by Marc Denis with a rebound.
2:15 of 3rd period - Wrist shot by Jiri Novotny.
2:15 of 3rd period - Stopped by Marc Denis with a rebound.
2:17 of 3rd period - Wrist shot by Oleg Tverdovsky.
2:17 of 3rd period - Stopped by Marc Denis without a rebound.
2:18 of 3rd period - Shawn Matthias wins face-off versus Andreas Karlsson in Spitfire zone.
2:18 of 3rd period - Shawn Matthias is hit by Andreas Karlsson.
2:24 of 3rd period - Snap shot by Andreas Karlsson.
2:24 of 3rd period - Stopped by Marc Denis without a rebound.
2:25 of 3rd period - Shawn Matthias wins face-off versus Andreas Karlsson in Spitfire zone.
2:25 of 3rd period - Shawn Matthias is hit by Mark Giordano.
2:31 of 3rd period - Snap shot by Tomas Kurka.
2:31 of 3rd period - Shot Misses the Net.
2:33 of 3rd period - Slapshot by Brian Lee.
2:33 of 3rd period - Shot Blocked by Mathieu Roy.
2:35 of 3rd period - Snap shot by Tomas Kurka.
2:35 of 3rd period - Shot Misses the Net.
2:37 of 3rd period - Snap shot by Andreas Karlsson.
2:37 of 3rd period - Shot Hit the Post.
2:39 of 3rd period - Slapshot by Jakub Voracek.
2:39 of 3rd period - Shot Misses the Net.
2:41 of 3rd period - Backhand shot by Andreas Karlsson.
2:41 of 3rd period - Stopped by Marc Denis without a rebound.
2:42 of 3rd period - Kevin Porter wins face-off versus Kris Beech in Spitfire zone.
2:49 of 3rd period - Snap shot by Steve Bernier.
2:49 of 3rd period - Shot Blocked by Tim Kennedy.
2:51 of 3rd period - Slapshot by Brian Lee.
2:51 of 3rd period - Stopped by Marc Denis with a rebound.
3:07 of 3rd period - David Perron is hit by Mathieu Roy and loses puck.
3:11 of 3rd period - Oleg Tverdovsky is hit by Devin Didiomete and loses puck.
3:20 of 3rd period - Snap shot by Kevin Porter.
3:20 of 3rd period - Stopped by Marc Denis with a rebound.
3:22 of 3rd period - Slapshot by David Perron.
3:22 of 3rd period - Stopped by Marc Denis without a rebound.
3:23 of 3rd period - Andreas Karlsson wins face-off versus David Krejci in Spitfire zone.
3:33 of 3rd period - Off-side.
3:34 of 3rd period - Andreas Karlsson wins face-off versus Ryan Callahan in neutral zone.
4:22 of 3rd period - Kevin Klein is hit by Cody Franson.
4:36 of 3rd period - Minor Penalty to Kris Beech for Hooking.
4:37 of 3rd period - Shean Donovan wins face-off versus Kevin Porter in Spitfire zone.
4:47 of 3rd period - Off-side.
4:48 of 3rd period - Kevin Porter wins face-off versus Shean Donovan in neutral zone.
6:36 of 3rd period - Penalty to Kris Beech is over, Kris Beech is back on ice.
6:39 of 3rd period - Minor Penalty to Devin Didiomete for Goalie Interference.
6:40 of 3rd period - Kevin Porter wins face-off versus Shean Donovan in Spitfire zone.
6:47 of 3rd period - Wrist shot by David Perron.
6:47 of 3rd period - Shot Misses the Net.
7:19 of 3rd period - Snap shot by Denis Shvidki.
7:19 of 3rd period - Shot Blocked by Tomas Kurka.
8:39 of 3rd period - Penalty to Devin Didiomete is over, Devin Didiomete is back on ice.
9:14 of 3rd period - Konstantin Pushkarev is hit by Danny Syvret and loses puck.
9:21 of 3rd period - David Desharnais is hit by Martin Samuelsson and loses puck.
9:49 of 3rd period - Slapshot by Denis Shvidki.
9:49 of 3rd period - Stopped by Cory Schneider with a rebound.
10:13 of 3rd period - Kevin Porter is hit by Erik Condra.
10:29 of 3rd period - Ryan Wilson is hit by Mathieu Roy.
11:18 of 3rd period - Martin Samuelsson is hit by Cody Franson and loses puck.
11:33 of 3rd period - Icing by Kevin Porter.
11:34 of 3rd period - Kevin Porter wins face-off versus Shawn Matthias in Sasquatch zone.
11:39 of 3rd period - Erik Condra is hit by Kevin Porter and loses puck.
12:06 of 3rd period - David Perron is hit by Matt Walker.
13:01 of 3rd period - Snap shot by Kevin Porter.
13:01 of 3rd period - Stopped by Marc Denis with a rebound.
13:03 of 3rd period - Snap shot by Kevin Porter.
13:03 of 3rd period - Shot Blocked by Shawn Matthias.
13:05 of 3rd period - Slapshot by Brian Lee.
13:05 of 3rd period - Stopped by Marc Denis with a rebound.
13:07 of 3rd period - Slapshot by David Perron.
13:07 of 3rd period - Stopped by Marc Denis without a rebound.
13:08 of 3rd period - Andreas Karlsson wins face-off versus Martin Samuelsson in Spitfire zone.
13:21 of 3rd period - Ryan Callahan is hit by Cody Franson and loses puck.
14:06 of 3rd period - Slapshot by Mathieu Roy.
14:06 of 3rd period - Stopped by Cory Schneider with a rebound.
14:41 of 3rd period - Off-side.
14:42 of 3rd period - David Desharnais wins face-off versus Kris Beech in neutral zone.
14:56 of 3rd period - Slapshot by David Desharnais.
14:56 of 3rd period - Goal by David Desharnais - Sasquatch : 2 - Spitfire : 3.
14:57 of 3rd period - David Krejci wins face-off versus Kevin Porter in neutral zone.
16:09 of 3rd period - Snap shot by Mark Giordano.
16:09 of 3rd period - Stopped by Marc Denis with a rebound.
16:27 of 3rd period - Andreas Karlsson is hit by Tim Kennedy and loses puck.
16:50 of 3rd period - Andrew Brunette is hit by Erik Condra and loses puck.
17:03 of 3rd period - Cody Franson is hit by Danny Syvret and loses puck.
17:37 of 3rd period - Kevin Klein is hit by Tomas Kurka and loses puck.
18:08 of 3rd period - Slapshot by Kyle Cumiskey.
18:08 of 3rd period - Stopped by Marc Denis without a rebound.
18:09 of 3rd period - Kris Beech wins face-off versus Kevin Porter in Spitfire zone.
18:24 of 3rd period - Oleg Tverdovsky is hit by Shean Donovan and loses puck.
18:33 of 3rd period - Wrist shot by Shean Donovan.
18:33 of 3rd period - Stopped by Cory Schneider without a rebound.
18:34 of 3rd period - Kevin Porter wins face-off versus David Krejci in Sasquatch zone.
18:39 of 3rd period - Wrist shot by Brian Lee.
18:39 of 3rd period - Stopped by Marc Denis with a rebound.
18:59 of 3rd period - Shean Donovan is hit by Oleg Tverdovsky and loses puck.
19:02 of 3rd period - Sasquatch, Cory Schneider is pulled from the net.
19:04 of 3rd period - Backhand shot by Steve Bernier.
19:04 of 3rd period - Stopped by Marc Denis without a rebound.
19:05 of 3rd period - Dave Tippett call a timeout for Sasquatch.
19:05 of 3rd period - Kevin Porter wins face-off versus David Krejci in Spitfire zone.
19:06 of 3rd period - Wrist shot by David Perron.
19:06 of 3rd period - Shot Blocked by Shean Donovan.
19:58 of 3rd period - Slapshot by Shean Donovan.
19:58 of 3rd period - Shot Misses the Net.


Output by the SimonT Hockey Simulator (STHS) for François Prévost -- Original Page W3C XHTML 1.0 Valid
Hockey Simulator - Hockey Simulation - Hockey Manager